 Dungeon Crawl Stone Soup version 0.29-a0-40-g8eb35efe60 (webtiles) character file.

Game seed: 8352598381954502289

25 willcat the Shield-Bearer (level 3, 32/35 HPs)
             Began as a Gnoll Fighter on Feb 2, 2022.
             Got out of the dungeon alive.
             The game lasted 00:00:24 (395 turns).

willcat the Shield-Bearer (Gnoll Fighter)            Turns: 395, Time: 00:00:24

Health: 32/35      AC:  7    Str: 17    XL:     3   Next: 4%
Magic:  3/3        EV:  9    Int:  7    God:
Gold:   21         SH:  5    Dex: 11    Spells: 3/3 levels left

rFire   . . .      SeeInvis .   a - +0 war axe
rCold   . . .      Faith    .   c - +0 buckler
rNeg    . . .      Spirit   .   b - +0 scale mail
rPois   .          Reflect  .   (no helmet)
rElec   .          Harm     .   (no cloak)
rCorr   .          Rampage  .   (no gloves)
Will    .....                   (no boots)
Stlth   ..........              (no amulet)
HPRegen 0.11/turn               (no ring)
MPRegen 0.08/turn               (no ring)

@: no status effects
A: fangs 1, strong nose, distributed training
a: no special abilities


You escaped.
You visited 1 branch of the dungeon, and saw 1 of its levels.

You collected 21 gold pieces.

Inventory:

Hand Weapons
 a - a +0 war axe (weapon)
Armour
 b - a +0 scale mail (worn)
 c - a +0 buckler (worn)
Scrolls
 e - a scroll of identify {unknown}
 f - a scroll of holy word {unknown}
 i - a scroll of fear {unknown}
 j - a scroll of magic mapping {unknown}
Potions
 d - a potion of might
 g - a potion of curing {unknown}
 h - a potion of mutation {unknown}


   Skills:
 + Level 6.5 Fighting
 + Level 0.5 Short Blades
 + Level 0.5 Long Blades
 + Level 4.5 Axes
 + Level 0.5 Maces & Flails
 + Level 0.5 Polearms
 + Level 0.5 Staves
 + Level 0.5 Slings
 + Level 0.5 Bows
 + Level 0.5 Crossbows
 + Level 0.5 Throwing
 + Level 6.5 Armour
 + Level 0.5 Dodging
 + Level 0.5 Stealth
 + Level 6.5 Shields
 + Level 0.5 Unarmed Combat
 + Level 0.5 Spellcasting
 + Level 0.4 Conjurations
 + Level 0.4 Hexes
 + Level 0.4 Summonings
 + Level 0.4 Necromancy
 + Level 0.4 Translocations
 + Level 0.4 Transmutations
 + Level 0.4 Fire Magic
 + Level 0.4 Ice Magic
 + Level 0.4 Air Magic
 + Level 0.4 Earth Magic
 + Level 0.4 Poison Magic
 + Level 0.7 Invocations
 + Level 0.5 Evocations


You had 3 spell levels left.
You didn't know any spells.
Your spell library was empty.

Dungeon Overview and Level Annotations

Branches:
Dungeon (1/15)

Altars:


Innate Abilities, Weirdness & Mutations

You have very sharp teeth.
Your uncanny sense of smell can sniff out nearby items.
Your experience applies equally to all skills.


Message History

There are monsters nearby!
You hit the rat but do no damage.
The rat is heavily wounded.
The rat closely misses you.
There are monsters nearby!
You barely miss the rat.
The rat is heavily wounded.
You block the rat's attack.
There are monsters nearby!
You closely miss the rat.
The rat is heavily wounded.
You hit the rat.
You kill the rat!
You block the rat's attack. The rat bites you.
A rat is nearby!
You hit the rat.
You kill the rat!
You have reached level 3!
Your experience leads to an increase in your attributes!
Increase (S)trength, (I)ntelligence, or (D)exterity?
You feel stronger. x2
Things that are here:
a +0 short sword; 2 stones; a kobold skeleton A hobgoblin comes into view.
You can't go up here!
Unknown command.
You see here a +0 spear.
No target in view!
No target in view!
No target in view!
No target in view!
A hobgoblin opens the door.
You hit the hobgoblin.
You kill the hobgoblin!
There is an open door here.
There is a staircase leading out of the dungeon here.
Are you sure you want to leave the Dungeon?
This will make you lose the game!
Alright, then stay!
Are you sure you want to leave the Dungeon?
This will make you lose the game!
You have escaped!

#.# #..#...÷..... #>#
#..###.)..... #.##
#..#...#÷....
#..########)...###..##.
##..........##...#÷)##.
#.#.......####...).##.
#..'+''++.# #.........
#..+....+.# #.........
#..+.@..+.# #.......##
#..+....+.# #.........
#..+....'.........#.##
#..++++++.####........
#.## ∆.# ##....... #. #
#.###.## . ≈


There were no monsters in sight!

Vanquished Creatures
  A dart slug (D:1)
  An endoplasm (D:1)
  A giant cockroach (D:1)
  3 hobgoblins (D:1)
  3 jackals (D:1)
  2 bats (D:1)
  3 goblins (D:1)
  4 kobolds (D:1)
  3 rats (D:1)
21 creatures vanquished.

Notes
Turn   | Place    | Note
-------+----------+-------------------------------------------
     0 | D:1      | willcat the Gnoll Fighter began the quest for the Orb.
     0 | D:1      | Reached XP level 1. HP: 23/23 MP: 1/1
    31 | D:1      | Found a faded altar of an unknown god.
   137 | D:1      | Reached XP level 2. HP: 27/29 MP: 2/2
   365 | D:1      | Reached XP level 3. HP: 28/35 MP: 3/3
   395 | D:$      | Got out of the dungeon alive.

Illustrated notes

Levels and vault maps discovered:
D:1:      lightli_arrival_maybe_door_vault, layout_loops_ring,
          shapermc_ecumenical_altar_mp_highgroup,
          chequers_serial_rivers_small_3, minmay_pentomino_t2

Action                   || total
-------------------------++-------
Melee: War axe           ||    40
       Bite              ||     1
Armor: Scale mail        ||    17
Dodge: Dodged            ||    14
Block: Buckler           ||    11

Table legend: (Time is in decaauts)
 A = Elapsed time spent in this place.
 B = Non-inter-level travel time spent in this place.
 C = Inter-level travel time spent in this place.
 D = Time resting spent in this place.
 E = Time spent auto-exploring this place.
 F = Levels seen in this place.
 G = Mean time per level.
                   A        B        C        D        E       F      G
               +--------+--------+--------+--------+--------+-----+--------+
         Total |    407 |    387 |     20 |      0 |    272 |   1 |  407.0 |
       Dungeon |    407 |    387 |     20 |      0 |    272 |   1 |  407.0 |
               +--------+--------+--------+--------+--------+-----+--------+

Top non-repeatable levels by time:
     D:1: 407 daAuts
